 Dungeon Crawl Stone Soup version 0.30-a0-743-gbfdf073431 (webtiles) character file.

Game seed: 405692751822096897

103 jimonade the Twirler (level 4, -20/34 HPs)
             Began as a Mummy Gladiator on Feb 6, 2023.
             Demolished by an ogre
             ... wielding a +0 giant club
              (26 damage)
             ... on level 4 of the Dungeon.
             The game lasted 00:03:20 (2294 turns).

jimonade the Twirler (Mummy Gladiator)              Turns: 2294, Time: 00:03:21

Health: -20/34     AC:  4    Str: 17    XL:     4   Next: 51%
Magic:  4/4        EV: 12    Int:  9    God:
Gold:   96         SH:  0    Dex: 13    Spells: 3/3 levels left

rFire   x . .      SeeInvis .    a - +2 dagger (venom)
rCold   + . .      Faith    +    (no shield)
rNeg    + + +      Spirit   .    k - +0 leather armour
rPois   ∞          Reflect  .    c - +0 helmet
rElec   .          Harm     .    (no cloak)
rCorr   +          Rampage  .    (no gloves)
Will    .....                    (no boots)
Stlth   +                        (no amulet)
HPRegen 0.25/turn                p - ring of resist corrosion
MPRegen 0.09/turn                (no ring)

@: no status effects
A: cold resistance 1, negative energy resistance 3, torment resistance 2, heat
vulnerability 1, in touch with death 1, no potions, faith
a: no special abilities


You were on level 4 of the Dungeon.
You visited 1 branch of the dungeon, and saw 4 of its levels.

You collected 96 gold pieces.

Inventory:

Hand Weapons
 a - a +2 dagger of venom (weapon)
 b - a +1 dagger of electrocution
 j - a +0 quarterstaff
 m - a +0 long sword
 s - a +0 sling
Missiles
 d - 3 throwing nets (quivered)
 e - 7 javelins
 l - 6 atropa-tipped darts
 q - 4 poisoned darts
 t - 3 silver boomerangs
 u - 3 boomerangs
Armour
 c - a +0 helmet (worn)
 k - a +0 leather armour (worn)
Magical Staves
 o - a staff of earth
Jewellery
 p - a ring of resist corrosion (left hand)
Scrolls
 f - a scroll of teleportation {unknown}
 g - 5 scrolls of identify {unknown}
 h - a scroll of blinking {unknown}
 i - 3 scrolls of amnesia {unknown}
 n - 4 scrolls of magic mapping {unknown}
 r - 2 scrolls of silence {unknown}


   Skills:
 + Level 2.3 Fighting
 * Level 1.2 Short Blades
 - Level 3.2 Staves
 - Level 1.5 Throwing
 + Level 1.1 Armour
 + Level 2.9 Dodging
 + Level 0.2 Stealth


You had 3 spell levels left.
You didn't know any spells.
Your spell library contained the following spells:

 Spells                   Type           Power      Damage    Failure   Level
 Blink                    Tloc           0%         N/A       58%         2
 Lesser Beckoning         Tloc           0%         N/A       58%         2
 Momentum Strike          Conj/Tloc      0%         3d8       58%         2
 Portal Projectile        Hex/Tloc       0%         N/A       82%         3
 Summon Ice Beast         Ice/Summ       0%         N/A       99%         4
 Freezing Cloud           Conj/Ice/Air   0%         6-21      100%        5
 Simulacrum               Ice/Necr       0%         N/A       100%        6
 Enfeeble                 Hex            0%         N/A       100%        7
 Polar Vortex             Ice            0%         N/A       100%        9


Dungeon Overview and Level Annotations

Branches:
Dungeon (4/15)
 Temple: D:4-7

Altars:


Innate Abilities, Weirdness & Mutations

You are immune to poison.
Your flesh is cold resistant. (rC+)
You are immune to negative energy. (rN+++)
You are immune to unholy pain and torment.
You are vulnerable to heat. (rF-)
You are in touch with the powers of death.
You do not drink.
You have a special connection with the divine. (Faith)


Message History

The adder is heavily wounded.
The adder bites you but does no damage.
You barely miss the adder.
The adder is severely wounded.
The adder bites you but does no damage.
You barely miss the adder.
The adder is severely wounded.
The adder closely misses you.
You hit the adder.
The adder is almost dead.
The adder bites you but does no damage. The adder closely misses you.
You closely miss the adder.
The adder is almost dead.
You kill the adder!
You closely miss the kobold. The kobold hits you with a +0 club.
You hit the kobold but do no damage.
An ogre comes into view. It is wielding a +0 giant club.
The kobold misses you.
You closely miss the kobold.
The ogre shouts!
The kobold closely misses you.
You miss the kobold. The kobold hits you with a +0 club.
You hit the kobold.
The kobold is poisoned.
The kobold is severely wounded.
You kill the kobold!
You hit the ogre.
The ogre is poisoned.
The ogre is lightly wounded.
The ogre hits you with a +0 giant club!!
Ouch! That really hurt!
* * * LOW HITPOINT WARNING * * *
You barely miss the ogre.
The ogre is lightly wounded.
You hit the ogre but do no damage.
The ogre looks as sick as possible!
The ogre is moderately wounded.
The ogre misses you.
You hit the ogre.
The ogre is heavily wounded.
The ogre hits you with a +0 giant club!!
Ouch! That really hurt!
You die...

#. #.# #..
###..
#.###...#####
.....#?...(.
#..........
###.........
#..†...J....
####.##..>.....
#.@OJ##........
#.#####........
#<# ##.......
#.# #...... #.#
#.###S #.# .#
... ... ...


You could see an ogre (extremely poisoned) and an endoplasm.

Vanquished Creatures
  Jessica (D:2)
  3 adders
  2 worms (D:2)
  A dart slug (D:2)
  An orc (D:3)
  An endoplasm (D:2)
  A giant cockroach (D:1)
  4 goblins
  5 hobgoblins
  7 jackals (D:1)
  2 quokkas (D:1)
  A ball python (D:3)
  3 bats
  4 frilled lizards
  3 kobolds
  2 rats
41 creatures vanquished.

Notes
Turn   | Place    | Note
-------+----------+-------------------------------------------
     0 | D:1      | jimonade the Mummy Gladiator began the quest for the Orb.
     0 | D:1      | Reached XP level 1. HP: 16/16 MP: 1/1
   301 | D:1      | Reached XP level 2. HP: 10/22 MP: 2/2
   394 | D:1      | Got the Compendium of Ensorcelling and Congelation
   890 | D:2      | Noticed Jessica
   895 | D:2      | Killed Jessica
   896 | D:2      | Reached skill level 3 in Staves
   896 | D:2      | Gained mutation: You are in touch with the powers of death.
                  | [Mummy growth]
   896 | D:2      | Reached XP level 3. HP: 27/27 MP: 3/3
  1110 | D:2      | Reached XP level 4. HP: 33/33 MP: 4/4
  1319 | D:2      | Reached skill level 1 in Armour
  1954 | D:3      | Reached skill level 1 in Short Blades
  2287 | D:4      | Noticed an ogre
  2294 | D:4      | Demolished by an ogre

Illustrated notes

Levels and vault maps discovered:
D:1:      amcnicky_arrival_choice, layout_basic
D:2:      layout_loops_cross, uniq_jessica
D:3:      layout_rooms, kennysheep_generic_room_3
D:4:      layout_rooms, mainiacjoe_overflow_big_doors,
          hellmonk_ghost_happy_afterlife, uniq_natasha

Skill      XL: |  1  2  3  4 |
---------------+-------------+-----
Staves         | 3 |  3.2
Armour         | 1 |  1.1
Short Blades   | 1 |  1.2
Fighting       | |  2.3
Throwing       | |  1.5
Dodging        | |  2.9
Stealth        | |  0.2

Action                     |  1- 3 |  4- 6 || total
---------------------------+-------+-------++-------
  Melee: Quarterstaff      |    62 |       ||    62
         Dagger            |    14 |    64 ||    78
   Stab: Sleeping          |       |     1 ||     1
 Armour: Leather armour    |    25 |    15 ||    40
  Dodge: Dodged            |    57 |    24 ||    81

Table legend: (Time is in decaauts)
 A = Elapsed time spent in this place.
 B = Non-inter-level travel time spent in this place.
 C = Inter-level travel time spent in this place.
 D = Time resting spent in this place.
 E = Time spent auto-exploring this place.
 F = Levels seen in this place.
 G = Mean time per level.
                   A        B        C        D        E       F      G
               +--------+--------+--------+--------+--------+-----+--------+
         Total |   2302 |   2021 |    281 |      0 |   1650 |   4 |  575.5 |
       Dungeon |   2302 |   2021 |    281 |      0 |   1650 |   4 |  575.5 |
               +--------+--------+--------+--------+--------+-----+--------+

Top non-repeatable levels by time:
     D:2: 925 daAuts
     D:1: 808 daAuts
     D:3: 535 daAuts
     D:4: 32 daAuts
